 Dungeon Sprint DCSS version 0.27-a0-1322-gfdffb62a71 (webtiles) character file.

Game seed: 3562485927015665207

165 rocky1 the Slasher (level 5, -3/46 HPs)
             Began as a Formicid Fighter on June 23, 2021.
             Was an Initiate of Cheibriados.
             Slain by a troll (14 damage)
             ... in the Dungeon (Sprint IX: "|||||||||||||||||||||||||||||").
             The game lasted 00:01:56 (320 turns).

rocky1 the Slasher (Formicid Fighter)                Turns: 320, Time: 00:01:57

Health: -3/46      AC:  9    Str: 23    XL:     5   Next: 74%
Magic:  5/6        EV: 10    Int:  8    God:    Cheibriados [......]
Gold:   0          SH: 11    Dex: 17    Spells: 4/4 levels left

rFire    . . .     SeeInvis +   k - +2 scimitar (holy)
rCold    . . .     Faith    .   c - +0 kite shield
rNeg     . . .     Spirit   .   o - +2 ring mail
rPois    .         Reflect  .   (helmet unavailable)
rElec    .         Harm     .   (no cloak)
rCorr    .         Rampage  .   l - +0 pair of gloves
Will     .....                  (no boots)
Stlth    +.........             (no amulet)
HPRegen  0.15/turn              m - +3 ring of dexterity
MPRegen  0.10/turn              n - +3 ring of dexterity

@: very slow
A: permanent stasis, dig shafts and tunnels, antennae 3, four strong arms
a: Dig, Renounce Religion, Bend Time


You were in the Dungeon.
You worshipped Cheibriados.
Cheibriados was noncommittal.
You visited 1 branch

Inventory:

Hand Weapons
 k - a +2 scimitar of holy wrath (weapon)
Armour
 c - a +0 kite shield (worn)
 l - a +0 pair of gloves (worn)
 o - a +2 ring mail (worn)
Jewellery
 m - a +3 ring of dexterity (left hand)
 n - a +3 ring of dexterity (right hand)
Wands
 j - a wand of iceblast (10)
Scrolls
 i - 2 scrolls of amnesia
Potions
 d - a potion of might
 e - 5 potions of curing
 f - 3 potions of heal wounds
 g - 4 potions of magic
 h - a potion of invisibility


   Skills:
 + Level 6.0 Fighting
 + Level 6.6 Long Blades
 + Level 6.0 Armour
 + Level 1.1 Dodging
 + Level 6.6 Shields
 + Level 1.6 Invocations
 + Level 1.6 Evocations


You had 4 spell levels left.
You didn't know any spells.
Your spell library was empty.

Dungeon Overview and Level Annotations

Branches:
Dungeon (1/1)

Altars:
Cheibriados
Dithmenos
Elyvilon
Fedhas
Gozag
Hepliaklqana
Kikubaaqudgha
Makhleb
Nemelex Xobeh
Okawaru
Qazlal
Ru
Sif Muna
Trog
Uskayaw
Vehumet
Wu Jian
Xom
Yredelemnul
Zin
The Shining One
Beogh
Jiyva
Lugonu


Innate Abilities, Weirdness & Mutations

You cannot be hasted, slowed, berserked, paralysed or teleported.
You can dig through walls and to a lower floor.
You have a pair of large antennae on your head. (SInv)
Your four strong arms can wield two-handed weapons with a shield.


Message History

You slash the wight!
The wight convulses.
The wight is almost destroyed.
The wight hits you but does no damage.
You hit the wight.
You destroy the wight!
Cheibriados thoroughly appreciates the change of pace.
Your Fighting skill increases to level 6!
Your Armour skill increases to level 6!
Your Dodging skill increases to level 1!
Your Invocations skill increases to level 1!
Your Evocations skill increases to level 1!
Unknown command.
You hit the troll.
The troll is lightly wounded.
You block the troll's attack. The troll claws you.
You block the troll's attack.
You hit the troll.
The troll is moderately wounded.
You block the troll's attack.
The troll claws you but does no damage. x2
The troll bites you!
The troll claws you but does no damage. x2
You slash the troll!
The troll is moderately wounded.
You block the troll's attack. The troll claws you. The troll barely misses you.
You closely miss the troll.
The troll is moderately wounded.
The troll bites you! You block the troll's attack. x2
You hit the troll.
The troll is heavily wounded.
The troll bites you but does no damage. The troll claws you.
The troll barely misses you.
You hit the troll.
The troll is heavily wounded.
The troll bites you but does no damage. The troll claws you.
* * * LOW HITPOINT WARNING * * *
The troll claws you.
* * * LOW HITPOINT WARNING * * *
You hit the troll.
The troll is severely wounded.
The troll bites you!
You die...

▓'▓
{
▓.▓
{
▓?▓
{
▓)▓
{
▓.▓
{
▓.▓
{
▓.▓
{
▓[▓
{
▓@▓
▓T▓
▓x▓
▓O▓
▓O▓
▓Z▓
▓.▓
▓.▓
▓.▓


You could see 2 two-headed ogres, a troll, an unseen horror (invisible) and a
bat zombie.

Vanquished Creatures
  A scorpion (D)
  A wight (D)
  2 hounds (D)
  A bat skeleton (D)
  A giant cockroach (D)
  A quokka (D)
  3 bats (D)
  A quokka skeleton (D)
11 creatures vanquished.

Notes
Turn   | Place    | Note
-------+----------+-------------------------------------------
     0 | D        | rocky1 the Formicid Fighter began the quest for the Orb.
     0 | D        | Reached XP level 1. HP: 18/18 MP: 1/1
   129 | D        | Noticed a hound
   129 | D        | Noticed a hound
   129 | D        | Noticed a scorpion
   137 | D        | Killed a hound
   138 | D        | Reached XP level 2. HP: 20/26 MP: 2/2
   138 | D        | Reached XP level 3. HP: 24/31 MP: 3/3
   139 | D        | Reached skill level 5 in Fighting
   139 | D        | Reached skill level 5 in Long Blades
   139 | D        | Reached skill level 5 in Armour
   139 | D        | Reached skill level 5 in Shields
   139 | D        | Reached XP level 4. HP: 30/39 MP: 4/4
   144 | D        | Killed a scorpion
   145 | D        | Reached XP level 5. HP: 34/46 MP: 5/5
   228 | D        | Found a snail-covered altar of Cheibriados.
   228 | D        | Found a shadowy altar of Dithmenos.
   228 | D        | Found a white marble altar of Elyvilon.
   228 | D        | Found a blossoming altar of Fedhas.
   228 | D        | Found an opulent altar of Gozag.
   229 | D        | Found a hazy altar of Hepliaklqana.
   230 | D        | Found a viscous altar of Jiyva.
   231 | D        | Found an ancient bone altar of Kikubaaqudgha.
   232 | D        | Became a worshipper of Cheibriados the Contemplative
   233 | D        | Found a corrupted altar of Lugonu.
   234 | D        | Found a burning altar of Makhleb.
   235 | D        | Found a sparkling altar of Nemelex Xobeh.
   236 | D        | Found an iron altar of Okawaru.
   237 | D        | Found a stormy altar of Qazlal.
   238 | D        | Found a sacrificial altar of Ru.
   239 | D        | Found a shimmering blue altar of Sif Muna.
   240 | D        | Found a bloodstained altar of Trog.
   241 | D        | Found a hide-covered altar of Uskayaw.
   242 | D        | Found a radiant altar of Vehumet.
   243 | D        | Found an ornate altar of the Wu Jian Council.
   244 | D        | Found a shimmering altar of Xom.
   245 | D        | Found a basalt altar of Yredelemnul.
   246 | D        | Found a glowing silver altar of Zin.
   247 | D        | Found a glowing golden altar of the Shining One.
   310 | D        | Noticed a troll
   310 | D        | Noticed an unseen horror
   310 | D        | Noticed a two-headed ogre
   310 | D        | Noticed a two-headed ogre
   314 | D        | Reached skill level 1 in Dodging
   314 | D        | Reached skill level 1 in Invocations
   314 | D        | Reached skill level 1 in Evocations
   320 | D        | Slain by a troll

Illustrated notes

Levels and vault maps discovered:
D:        linesprint [early_d, line_temple, items_1, d_10, items_2, lair_1,
          lair_end, items_3, orc_1, orc_end, items_4, d_15, swamp_1, shoals_1,
          snake_1, spider_1, d_20, vaults_1, items_5, swamp_end, shoals_end,
          snake_end, spider_end, vaults_end, d_27, items_6, zot_1, zot_end,
          crypt_end, forest_end, elf_end, slime_end, tomb_end, abyss_end,
          pan_hell_end]

Skill      XL: |  1  2  3  4  5 |
---------------+----------------+-----
Shields        | 4 5 6 |  6.6
Fighting       | 4 5 6 |  6.0
Long Blades    | 4 5 6 |  6.6
Armour         | 4 5 6 |  6.0
Dodging        | 1 |  1.1
Invocations    | 1 |  1.6
Evocations     | 1 |  1.6

Action                   |  1- 3 |  4- 6 || total
-------------------------+-------+-------++-------
Melee: Long sword        |    28 |    11 ||    39
       Scimitar          |       |     9 ||     9
Armor: Scale mail        |    19 |     3 ||    22
       Ring mail         |       |     7 ||     7
Dodge: Dodged            |    14 |     7 ||    21
Block: Kite shield       |    22 |    14 ||    36
       Rpst.: Long sword |     6 |     1 ||     7

Table legend: (Time is in decaauts)
 A = Elapsed time spent in this place.
 B = Non-inter-level travel time spent in this place.
 C = Inter-level travel time spent in this place.
 D = Time resting spent in this place.
 E = Time spent auto-exploring this place.
 F = Levels seen in this place.
 G = Mean time per level.
                   A        B        C        D        E       F      G
               +--------+--------+--------+--------+--------+-----+--------+
         Total |    344 |    344 |      0 |    172 |      0 |   1 |  344.0 |
       Dungeon |    344 |    344 |      0 |    172 |      0 |   1 |  344.0 |
               +--------+--------+--------+--------+--------+-----+--------+

Top non-repeatable levels by time:
       D: 344 daAuts
